 Dungeon Crawl Stone Soup version 0.28-a0-535-g6f645e4c1d (webtiles) character file.

Game seed: 7865123930093593896

1129 ytrimaz the Chucker (level 8, -6/83 HPs)
             Began as an Ogre Hunter on Sept 27, 2021.
             Mangled by a wyvern (10 damage)
             ... on level 6 of the Dungeon.
             The game lasted 00:13:54 (8357 turns).

ytrimaz the Chucker (Ogre Hunter)                   Turns: 8357, Time: 00:13:55

Health: -6/83      AC:  6    Str: 19    XL:     8   Next: 35%
Magic:  8/8        EV: 10    Int: 12    God:
Gold:   110        SH:  0    Dex:  9    Spells: 7/7 levels left

rFire   + . .      SeeInvis .   u - +0 giant spiked club
rCold   . . .      Faith    .   (shield currently unavailable)
rNeg    + . .      Spirit   .   l - +2 robe {rF+}
rPois   .          Reflect  .   t - +1 hat
rElec   .          Harm     .   (no cloak)
rCorr   .          Rampage  .   (gloves unavailable)
Will    .....                   (boots unavailable)
Stlth   +.........              (no amulet)
HPRegen 0.23/turn               z - ring of positive energy
MPRegen 0.11/turn               (no ring)

@: no status effects
A: large, unfitting armour, tough skin 1
a: no special abilities


You were on level 6 of the Dungeon.
You visited 1 branch of the dungeon, and saw 6 of its levels.

You collected 110 gold pieces.

Inventory:

Hand Weapons
 a - a +0 short sword of draining
 u - a +0 giant spiked club (weapon)
Armour
 l - a +2 robe of fire resistance (worn)
 t - a +1 hat (worn)
Jewellery
 g - a ring of ice
 w - an amulet of faith
 z - a ring of positive energy (left hand)
Wands
 h - a wand of flame (48)
 r - a wand of charming (8)
Scrolls
 i - a scroll of magic mapping
 k - 2 scrolls of brand weapon
 m - a scroll of acquirement {unknown}
 n - a scroll of immolation {unknown}
 q - a scroll of noise {unknown}
 v - a scroll of enchant armour
Potions
 e - a potion of haste
 f - 2 potions of attraction
 j - a potion of ambrosia
 o - 2 potions of heal wounds
 p - a potion of degeneration {unknown}
 s - a potion of berserk rage {unknown}
 x - a potion of lignification {unknown}
 A - 3 potions of flight {unknown}


   Skills:
 + Level 5.7 Fighting
 - Level 4.6 Short Blades
 * Level 2.6 Maces & Flails
 * Level 6.0 Throwing
 + Level 4.2 Dodging
 - Level 0.6 Stealth


You had 7 spell levels left.
You didn't know any spells.
Your spell library was empty.

Dungeon Overview and Level Annotations

Branches:
Dungeon (6/15)
 Temple: D:4-7

Altars:
Fedhas
Hepliaklqana
Kikubaaqudgha
Nemelex Xobeh
Xom


Innate Abilities, Weirdness & Mutations

You are too large for most types of armour.
You have tough skin. (AC +1)


Message History

Press: ? - help, Q - select action, (/) - cycle Shift-Dir - straight line, f/p - wyvern
Aim: a wyvern (60% to hit)
You throw a large rock. The large rock hits the wyvern.
The wyvern is lightly wounded.
Throw: 2 large rocks
Press: ? - help, Q - select action, (/) - cycle Shift-Dir - straight line, f/p - wyvern
Aim: a wyvern (lightly wounded, 60% to hit)
You throw a large rock.
The large rock closely misses the wyvern.
The wyvern bites you!
Throw: large rock
Press: ? - help, Q - select action, (/) - cycle Shift-Dir - straight line, f/p - wyvern
Aim: a wyvern (lightly wounded, 60% to hit)
You throw a large rock. The large rock hits the wyvern!
The wyvern is severely wounded.
The wyvern bites you! x2; The wyvern barely misses you.
Throw: throwing net
Press: ? - help, Q - select action, (/) - cycle Shift-Dir - straight line, f/p - wyvern
Aim: a wyvern (severely wounded, 60% to hit)
You throw a throwing net.
The throwing net closely misses the wyvern.
The wyvern bites you.
You barely miss the wyvern.
The wyvern is severely wounded.
The wyvern bites you! The wyvern completely misses you.
You closely miss the wyvern.
The wyvern is severely wounded.
The wyvern barely misses you. x2; The wyvern bites you.
You barely miss the wyvern.
The wyvern is severely wounded.
The wyvern bites you!
* * * LOW HITPOINT WARNING * * *
The wyvern bites you.
* * * LOW HITPOINT WARNING * * *
You puncture the wyvern!
The wyvern is almost dead.
The wyvern bites you!
* * * LOW HITPOINT WARNING * * *
The wyvern closely misses you. The wyvern bites you!
You die...

#......# #......#
#......# #......#
#......# #......#
##########......#
........##......###.####
................@.......
........#.......l...####
........#...........#
........#..............
...
(...>...........(.....#
#.#
........#########...(.#
#.# ....####.....#
.(...# #.# .)..# #.###.#
#...((# #.# ....####.#
.# #.....# #.#


You could see a wyvern.

Vanquished Creatures
  A water moccasin (D:5)
  An ogre (D:5)
  A phantom (D:6)
  A gnoll sergeant (D:5)
  A scorpion (D:5)
  2 water moccasin skeletons
  2 howler monkeys
  2 bullfrog zombies
  A centaur zombie (D:5)
  3 jellies
  A hound (D:5)
  An orc priest (D:3)
  Jessica (D:2)
  2 orc wizards (D:3)
  4 adders
  8 gnolls
  A howler monkey skeleton (D:5)
  A worm (D:2)
  3 dart slugs
  15 orcs
  9 ball pythons
  4 endoplasms
  4 giant cockroaches
  5 goblins
  6 hobgoblins
  4 jackals (D:1)
  4 quokkas
  7 bats
  3 frilled lizards
  8 kobolds
  13 rats
119 creatures vanquished.

Notes
Turn   | Place    | Note
-------+----------+-------------------------------------------
     0 | D:1      | ytrimaz the Ogre Hunter began the quest for the Orb.
     0 | D:1      | Reached XP level 1. HP: 22/22 MP: 1/1
   354 | D:1      | Reached XP level 2. HP: 28/29 MP: 2/2
  1183 | D:1      | Reached skill level 1 in Short Blades
  1183 | D:1      | Reached XP level 3. HP: 32/37 MP: 3/3
  1295 | D:1      | Found a faded altar of an unknown god.
  1979 | D:2      | Noticed Jessica
  1994 | D:2      | Killed Jessica
  1995 | D:2      | Reached XP level 4. HP: 31/45 MP: 4/4
  3011 | D:2      | Found a sparkling altar of Nemelex Xobeh.
  3696 | D:3      | Reached XP level 5. HP: 50/53 MP: 5/5
  4063 | D:3      | Found a blossoming altar of Fedhas.
  4096 | D:3      | Found a blossoming altar of Fedhas.
  4098 | D:3      | You fall into a shaft and drop 3 floors!
  4139 | D:6      | Noticed a wyvern
  4237 | D:6      | Reached XP level 6. HP: 34/62 MP: 6/6
  4400 | D:5      | Entered Level 5 of the Dungeon
  4433 | D:5      | Reached skill level 5 in Throwing
  4591 | D:5      | Reached XP level 7. HP: 18/71 MP: 7/7
  5010 | D:5      | Reached skill level 5 in Fighting
  5629 | D:4      | Found a hazy altar of Hepliaklqana.
  5854 | D:4      | Found an ancient bone altar of Kikubaaqudgha.
  6580 | D:2      | Reached XP level 8. HP: 64/81 MP: 8/8
  6718 | D:3      | Reached skill level 1 in Maces & Flails
  7805 | D:5      | Found a shimmering altar of Xom.
  8056 | D:6      | Reached skill level 6 in Throwing
  8357 | D:6      | HP: 4/83 [wyvern (9)]
  8357 | D:6      | Mangled by a wyvern

Illustrated notes

Levels and vault maps discovered:
D:1:      kennysheep_arrival_seaside, layout_loops_ring,
          hellmonk_ecumenical_altar_inner_sanctum, moated_statue,
          kennysheep_another_room
D:2:      layout_basic, basic_altar, minmay_rat_gold_closets, uniq_jessica
D:3:      layout_rooms, fedhas_altar_2, kennysheep_flooded_box
D:4:      layout_basic, mainiacjoe_overflow_alcove_2,
          mainiacjoe_overflow_alcove_1, chequers_serial_rivers_small_3
D:5:      layout_cave_pools, mainiacjoe_overflow_small_starburst,
          minmay_fountain_box
D:6:      layout_basic, lemuel_crystal_altar, st_stairs_6

Skill      XL: |  1  2  3  4  5  6  7  8 |
---------------+-------------------------+-----
Fighting       | 3 4 5 |  5.7
Short Blades   | 1 2 3 4 |  4.6
Dodging        | 2 3 4 |  4.2
Throwing       | 5 6 |  6.0
Maces & Flails | 2 |  2.6
Stealth        | |  0.6

Action                   |  1- 3 |  4- 6 |  7- 9 || total
-------------------------+-------+-------+-------++-------
Melee: Short sword       |   139 |   201 |    49 ||   389
       Glaive            |       |     4 |       ||     4
       Giant spiked club |       |       |   160 ||   160
Throw: Large rock        |    10 |     8 |    18 ||    36
       Throwing net      |       |     1 |     1 ||     2
  Use: Scroll            |     1 |     6 |     3 ||    10
       Potion            |       |     2 |     3 ||     5
 Stab: Sleeping          |     1 |     3 |     1 ||     5
Armor: Robe              |    97 |    61 |   143 ||   301
Dodge: Dodged            |   111 |   101 |   175 ||   387

Table legend: (Time is in decaauts)
 A = Elapsed time spent in this place.
 B = Non-inter-level travel time spent in this place.
 C = Inter-level travel time spent in this place.
 D = Time resting spent in this place.
 E = Time spent auto-exploring this place.
 F = Levels seen in this place.
 G = Mean time per level.
                   A        B        C        D        E       F      G
               +--------+--------+--------+--------+--------+-----+--------+
         Total |   8516 |   8373 |    143 |   2097 |   4266 |   6 | 1419.3 |
       Dungeon |   8516 |   8373 |    143 |   2097 |   4266 |   6 | 1419.3 |
               +--------+--------+--------+--------+--------+-----+--------+

Top non-repeatable levels by time:
     D:2: 2217 daAuts
     D:1: 1813 daAuts
     D:3: 1417 daAuts
     D:5: 1233 daAuts
     D:4: 1187 daAuts
     D:6: 647 daAuts
